 Dungeon Crawl Stone Soup version 0.31.0-12-g77e489cdc1 (webtiles) character file.

Game seed: 187894836554483509

200 spaghetti the Trooper (level 5, -1/41 HPs)
             Began as a Demonspawn Chaos Knight on Mar 1, 2024.
             Was a Plaything of Xom.
             Splashed by a jelly's acid (3 damage)
             ... in a sewer.
             The game lasted 00:04:18 (3651 turns).

spaghetti the Trooper (Demonspawn Chaos Knight)     Turns: 3651, Time: 00:04:19

Health: -1/41      AC:  1    Str: 15    XL:     5   Next: 48%
Magic:  4/4        EV: 11    Int: 12    God:    Xom [...*..]
Gold:   196        SH:  0    Dex: 12    Spells: 4/4 levels left

rFire   x .          .
                       - Unarmed
rCold   . . .        (no shield)
rNeg    . . .        a - +2 leather armour
rPois   .            (no helmet)
rElec   .            (no cloak)
rCorr   .            (no gloves)
SInv    .            e - +1 pair of boots
Will    .....        (no amulet)
Stlth   +            j - +4 ring of protection
HPRegen 0.26/turn    (no ring)
MPRegen 0.09/turn

%: no passive effects
@: corroded, attractive, hasted, very quick
A: hooves 1, yellow scales 1, frail 1, low MP 1, sense surroundings 1, heat
vulnerability 1
a: Renounce Religion


You were in a sewer.
You worshipped Xom.
You were a favourite toy of Xom.
You visited 1 branch of the dungeon, and saw 3 of its levels.
You also visited: Sewer.

You collected 196 gold pieces.

Inventory:

Armour
 a - a +2 leather armour (worn)
 d - an orb of guile
 e - a +1 pair of boots (worn)
Jewellery
 j - a +4 ring of protection (left hand)
Scrolls
 b - 2 scrolls of vulnerability
 c - 2 scrolls of amnesia
Potions
 h - a potion of heal wounds


   Skills:
 + Level 5.6 Fighting
 - Level 1.7 Armour
 - Level 0.8 Dodging
 - Level 3.6 Unarmed Combat


You had 4 spell levels left.
You didn't know any spells.
Your spell library contained the following spells:

 Spells                   Type           Power      Damage    Failure   Level
 Call Canine Familiar     Summ           0%         N/A       77%         3
 Sigil of Binding         Hex            0%         N/A       77%         3
 Dimensional Bullseye     Hex/Tloc       0%         N/A       99%         4
 Ignite Poison            Fire/Alch      0%         N/A       99%         4
 Sticky Flame             Fire/Alch      0%         2d4       99%         4
 Ignition                 Fire           0%         3d3       100%        8


Dungeon Overview and Level Annotations

Branches:
Dungeon (3/15)              Sewer (1/1)

Altars:
Okawaru

Shops:
D:1 (   D:2 :

Annotations:
D:2 1 runed translucent door, Crazy Yiuf


Innate Abilities, Weirdness & Mutations

You have large cloven feet.
You are partially covered in yellow scales. (AC +2)
You are frail. (-10% HP)
Your magical capacity is low. (-10% MP)
You passively map a small area around you.
You are vulnerable to heat. (rF-)


Message History

The endoplasm is heavily wounded.
The river rat barely misses you. The jelly hits you but does no damage.
The endoplasm freezes you.
You are frozen.
You hit the endoplasm.
The endoplasm is severely wounded.
The jelly hits you but does no damage. The river rat closely misses you.
The endoplasm freezes you.
You are frozen.
You hit the endoplasm but do no damage.
The endoplasm is severely wounded.
You hit the endoplasm.
You kill the endoplasm!
The river rat bites you. The jelly misses you.
You hit the jelly. The acid corrodes you!
Your hands burn!
The jelly is moderately wounded.
The river rat misses you. The jelly closely misses you.
You hit the jelly.
Your hands burn!
The jelly is heavily wounded.
You hit the jelly but do no damage.
Your hands burn!
The jelly is heavily wounded.
The river rat bites you!
* * * LOW HITPOINT WARNING * * *
The jelly barely misses you.
Unknown command.
Unknown command.
You hit the jelly but do no damage. The acid corrodes you!
Your hands burn!
* * * LOW HITPOINT WARNING * * *
The jelly is heavily wounded.
Unknown command.
Unknown command.
You hit the jelly but do no damage.
Your hands burn!
* * * LOW HITPOINT WARNING * * *
The jelly is heavily wounded.
The jelly closely misses you. The river rat barely misses you.
Unknown command.
Unknown command.
You hit the jelly.
Your hands burn!
You die...
Xom guffaws!

*.... ~.~# * .~.# ~~~ *
#.~ , ####~~## *
##~~~.~†## #∩~..~.rJ#
########### ~.~###~†@#
#..~~~...~. #~. ##~~####
#.†~...~~.. * #.~
#~.~~.###..######## #...
##.~~...##.~#
##~..##~.~##..##.~#
~~..~#~.~##...##..########
....~~~~##...###......†...
#~~.~~..##..## #.~~.......
###..~..~#### ###########


You could see a jelly and a river rat.

Vanquished Creatures
  A jelly (Sewer)
  Terence (D:2)
  Robin (D:2)
  3 gnolls (D:2)
  2 adders
  2 dart slugs
  A ribbon worm (D:2)
  An orc (D:3)
  4 bats
  7 endoplasms
  9 giant cockroaches
  2 hobgoblins (D:2)
  3 jackals (D:1)
  7 quokkas
  6 ball pythons
  9 frilled lizards
  12 goblins
  3 kobolds (D:1)
  6 rats
80 creatures vanquished.

Notes
Turn   | Place    | Note
-------+----------+-------------------------------------------
     0 | D:1      | spaghetti the Demonspawn Chaos Knight began the quest for
                  | the Orb.
     0 | D:1      | Reached XP level 1. HP: 18/18 MP: 1/1
    43 | D:1      | XOM: butterfly on damage
   126 | D:1      | Gained mutation: You have large cloven feet. [demonic
                  | ancestry]
   126 | D:1      | Reached XP level 2. HP: 20/24 MP: 2/2
   487 | D:1      | XOM: god gift: war axe {god gift}
   502 | D:1      | XOM is BORED!
   502 | D:1      | XOM: summons 1 hostile demon
   503 | D:1      | Noticed a crimson imp
   569 | D:1      | Found a transporter.
   569 | D:1      | Found Abe Biynki's Weapon Boutique.
   572 | D:1      | Found a transporter.
  1114 | D:2      | XOM: give mutation
  1114 | D:2      | Gained mutation: Your magical capacity is low. (-10% MP)
                  | [Xom's mischief]
  1160 | D:2      | Gained mutation: You are partially covered in yellow
                  | scales. (AC +2) [demonic ancestry]
  1160 | D:2      | Reached XP level 3. HP: 27/29 MP: 2/2
  1222 | D:2      | Found Rogi's Book Emporium.
  1546 | D:2      | Found a runed translucent door.
  1547 | D:2      | Noticed Crazy Yiuf
  1650 | D:2      | Reached skill level 4 in Fighting
  1937 | D:2      | Noticed Robin
  1954 | D:2      | Reached XP level 4. HP: 37/37 MP: 3/3
  1986 | D:2      | Killed Robin
  2110 | D:2      | Noticed Terence
  2304 | D:2      | Killed Terence
  2606 | D:2      | XOM: give mutations
  2606 | D:2      | Gained mutation: You have a somewhat thin skeletal
                  | structure. (Dex +2, Stealth+) [Xom's mischief]
  2606 | D:2      | Gained mutation: Your magical capacity is very low. (-20%
                  | MP) [Xom's mischief]
  2606 | D:2      | Gained mutation: You are dopey. (Int -2) [Xom's mischief]
  2837 | D:3      | Found an iron altar of Okawaru.
  3027 | D:3      | Reached skill level 5 in Fighting
  3363 | D:3      | Reached XP level 5. HP: 44/44 MP: 4/4
  3388 | D:3      | Found a glowing drain.
  3433 | Sewer    | Entered a sewer
  3489 | Sewer    | XOM: swap monsters
  3640 | Sewer    | Lost mutation: You are dopey. (Int -2) [potion of mutation]
  3640 | Sewer    | Lost mutation: You have a somewhat thin skeletal structure.
                  | (Dex +2, Stealth+) [potion of mutation]
  3640 | Sewer    | Lost mutation: Your magical capacity is very low. (-20% MP)
                  | [potion of mutation]
  3640 | Sewer    | Gained mutation: You are frail. (-10% HP) [potion of
                  | mutation]
  3640 | Sewer    | Gained mutation: You are vulnerable to heat. (rF-) [potion
                  | of mutation]
  3640 | Sewer    | Gained mutation: You passively map a small area around you.
                  | [potion of mutation]
  3650 | Sewer    | HP: 2/41 [acid (4)]
  3651 | Sewer    | Splashed by a jelly's acid

Illustrated notes

Levels and vault maps discovered:
D:1:      dpeg_arrival_rooms_with_view, layout_basic, serial_shops,
          nicolae_shop_drivethru
D:2:      layout_basic, serial_shops, shop, uniq_crazy_yiuf_cottage,
          uniq_terence, uniq_robin
D:3:      layout_basic, kennysheep_okawaru_gauntlet, gup_sewer_entry_pipe,
          chequers_serial_rivers_micro_e, kennysheep_donut,
          amcnicky_mini_pool_small
Sewer:    sewer_hellmonk_slimy_pipes

Skill      XL: |  1  2  3  4 |
---------------+-------------+-----
Unarmed Combat | 3 |  3.6
Fighting       | 4 5 |  5.6
Armour         | |  1.7
Dodging        | |  0.8

Action                     |  1- 3 |  4- 6 || total
---------------------------+-------+-------++-------
  Melee: Unarmed           |   162 |   205 ||   367
         Punch             |    10 |     3 ||    13
         Kick              |     4 |       ||     4
    Use: Potion            |     4 |     3 ||     7
         Scroll            |       |     7 ||     7
   Stab: Sleeping          |       |     3 ||     3
 Armour: Leather armour    |    93 |   139 ||   232
         Skin              |    27 |       ||    27
  Dodge: Dodged            |   110 |    99 ||   209
